 Dungeon Crawl Stone Soup version 0.29-a0-398-ge13fd1374b (webtiles) character file.

Game seed: 11093141470864292373

4573 pokeman the Thaumaturge (level 10, -13/55 HPs)
             Began as a Deep Elf Hedge Wizard on May 13, 2022.
             Was a Priest of Vehumet.
             Mangled by a death yak (21 damage)
             ... on level 8 of the Dungeon.
             The game lasted 00:29:05 (10131 turns).

pokeman the Thaumaturge (Deep Elf Hedge Wizard)    Turns: 10131, Time: 00:29:05

Health: -13/55     AC: 10    Str:  7    XL:     10   Next: 18%
Magic:  1/29       EV: 16    Int: 24    God:    Vehumet [***...]
Gold:   280        SH:  0    Dex: 14    Spells: 20/35 levels left

rFire   . . .      SeeInvis .   I - +3 whip (elec)
rCold   . . .      Faith    .   (no shield)
rNeg    . . .      Spirit   .   v - +0 leather armour
rPois   .          Reflect  .   t - +0 helmet
rElec   .          Harm     .   q - scarf {+Inv}
rCorr   .          Rampage  .   (no gloves)
Will    +....                   G - +1 pair of boots
Stlth   ++........              (no amulet)
HPRegen 0.18/turn               l - +4 ring of evasion
MPRegen 0.21/turn               r - +4 ring of protection

@: on blink cooldown
A: no striking features
a: Renounce Religion, Evoke Invisibility


You were on level 8 of the Dungeon.
You worshipped Vehumet.
Vehumet was most pleased with you.
You visited 2 branches of the dungeon, and saw 9 of its levels.
You also visited: Sewer.

You collected 455 gold pieces.
You spent 175 gold pieces at shops.

Inventory:

Hand Weapons
 u - a +0 hand crossbow
 I - a +3 whip of electrocution (weapon)
 J - a +1 short sword of venom
Armour
 q - a scarf of invisibility (worn)
 s - the +0 ring mail of the Orcish Mines {rElec rF+ Str+3}
   (You found it on level 2 of the Dungeon)

   Str:       It affects your strength (+3).
   rF:        It protects you from fire.
   rElec:     It insulates you from electricity.
 t - a +0 helmet (worn)
 v - a +0 leather armour (worn)
 G - a +1 pair of boots (worn)
 L - the +1 leather armour of Cocytus {Harm Will+ Stlth+}
   (You found it on level 8 of the Dungeon)

   Harm:      It increases damage dealt and taken.
   Will:      It increases your willpower.
   Stlth:     It makes you more stealthy.
Jewellery
 l - a +4 ring of evasion (left hand)
 n - a ring of positive energy
 r - a +4 ring of protection (right hand)
 K - a ring of wizardry
Wands
 a - a wand of paralysis (5)
 E - a wand of charming (6)
 F - a wand of iceblast (6)
 M - a wand of flame (11)
Scrolls
 e - 3 scrolls of enchant weapon {unknown}
 g - 3 scrolls of immolation {unknown}
 i - 7 scrolls of teleportation
 m - 4 scrolls of identify
 p - a scroll of vulnerability {unknown}
 x - 2 scrolls of fear {unknown}
 y - a scroll of noise {unknown}
 D - a scroll of silence {unknown}
 H - a scroll of blinking
Potions
 b - 4 potions of invisibility {unknown}
 c - a potion of might {unknown}
 d - a potion of magic
 f - 2 potions of attraction {unknown}
 h - 7 potions of curing {unknown}
 j - 2 potions of flight {unknown}
 k - 4 potions of heal wounds
 o - 3 potions of brilliance {unknown}
 w - 5 potions of mutation {unknown}
 z - a potion of haste {unknown}
 A - a potion of berserk rage {unknown}
 B - 3 potions of lignification {unknown}
 C - 3 potions of cancellation {unknown}


   Skills:
 + Level 2.8 Fighting
 - Level 3.0 Armour
 - Level 3.2 Dodging
 - Level 3.1 Stealth
 - Level 2.1 Shields
 * Level 13.0 Spellcasting
 + Level 7.2 Conjurations
 - Level 1.1 Summonings
 - Level 1.1 Translocations
 + Level 6.5 Fire Magic
 - Level 1.1 Air Magic
 - Level 1.3 Poison Magic
 - Level 1.3 Evocations


You had 20 spell levels left.
You knew the following spells:

 Your Spells              Type           Power      Damage    Failure   Level
a - Magic Dart            Conj           100%       1d8       1%          1
b - Mephitic Cloud        Conj/Pois/Air  31%        N/A       1%          3
c - Call Imp              Summ           20%        N/A       5%          2
d - Blink                 Tloc           40%        N/A       5%          2
e - Conjure Flame         Conj/Fire      48%        6-21      1%          3
f - Flame Wave            Conj/Fire      48%        2d10      1%          4

Your spell library contained the following spells:

 Spells                   Type           Power      Damage    Failure   Level
 Poisonous Vapours        Pois/Air       42%        N/A       1%          2
 Summon Small Mammal      Summ           80%        N/A       3%          1
 Hailstorm                Conj/Ice       33%        3d8       3%          4
 Sting                    Tmut/Pois      72%        1d6       4%          1
 Slow                     Hex            60%        N/A       5%          1
 Olgreb's Toxic Radiance  Pois           21%        N/A       9%          4
 Call Canine Familiar     Summ           20%        N/A       11%         3
 Portal Projectile        Hex/Tloc       36%        N/A       14%         3
 Summon Guardian Golem    Hex/Summ       18%        N/A       14%         3
 Confusing Touch          Hex            15%        N/A       17%         3
 Vampiric Draining        Necr           15%        2d7       17%         3
 Ice Form                 Ice/Tmut       15%        N/A       50%         4
 Leda's Liquefaction      Hex/Erth       7%         N/A       50%         4
 Simulacrum               Ice/Necr       7%         N/A       100%        6


Dungeon Overview and Level Annotations

Branches:
Dungeon (8/15)             Temple (1/1) D:4           Sewer (visited)
   Lair: D:8-11

Altars:
Cheibriados
Dithmenos
Elyvilon
Gozag
Hepliaklqana
Kikubaaqudgha
Makhleb
Nemelex Xobeh
Okawaru
Qazlal
Ru
Sif Muna
Trog
Uskayaw
Vehumet
Wu Jian
Yredelemnul

Shops:
D:1 [   D:6 *


Message History

You finish channelling waves of flame.
The death yak seems less confused.
The death yak gores you.
Unknown command.
Casting: Flame Wave (dangerous; 1% risk of failure)
Confirm with . or Enter, or press ? or * to list all spells.
You don't have enough magic to cast this spell.
Unknown command.
Aiming: Paralyse
Press: ? - help, Shift-Dir - straight line, f - death yak
Aim: a death yak (almost dead, chance to affect: 2%)
Okay, then.
Unknown command.
Aiming: Charm
Press: ? - help, Shift-Dir - straight line, f - death yak
Aim: a death yak (almost dead, chance to affect: 2%)
Okay, then.
Unknown command.
Aiming: Throw Flame
Press: ? - help, Shift-Dir - straight line, f - death yak
Aim: a death yak (almost dead, 89% to hit)
The puff of flame hits the death yak.
The death yak is almost dead.
The death yak gores you!
Unknown command.
Aiming: Throw Flame
Press: ? - help, Shift-Dir - straight line, f/p - death yak
Aim: a death yak (almost dead, 89% to hit)
The puff of flame hits the death yak but does no damage.
The death yak is almost dead.
The death yak gores you!
* * * LOW HITPOINT WARNING * * *
Casting: Flame Wave (dangerous; 1% risk of failure)
Confirm with . or Enter, or press ? or * to list all spells.
You don't have enough magic to cast this spell.
The death yak attacks as you move away! The death yak gores you.
* * * LOW HITPOINT WARNING * * *
Casting: Flame Wave (dangerous; 1% risk of failure)
Confirm with . or Enter, or press ? or * to list all spells.
You blink.
The death yak gores you!!
You die...

#......#####
......)))..#
#.....)###.##
#.....# #..#
#.....#####.########
....................
#.....#####.####....
#... #..# . #...
##@# #Y## #.ยง# ##.#
<.. #.## #.. #..#
... ##.## #.# #..#
#.# ##.## #.#


You could see a death yak.

Vanquished Creatures
  2 polar bears (D:8)
  Prince Ribbit (D:7)
  3 vampire mosquitoes (D:8)
  An acid dragon (D:8)
  2 water moccasins
  Edmund (D:4)
  A sky beast (D:3)
  A black bear (D:6)
  4 ice beasts
  An ogre (D:6)
  A wolf (D:8)
  2 centaurs
  A kobold brigand (D:7)
  2 bullfrogs
  2 gnoll sergeants
  3 necrophages
  5 scorpions
  3 wights (D:7)
  9 killer bees
  A howler monkey (D:6)
  A jelly (D:6)
  An orc priest (D:4)
  A hound (D:4)
  A wyvern simulacrum (D:8)
  A gnoll shaman (D:6)
  Terence (D:3)
  2 iguanas
  4 orc wizards
  11 gnolls
  11 adders
  6 river rats (Sewer)
  4 white imps
  3 ufetubi
  8 worms
  2 dart slugs (D:1)
  16 orcs
  4 bats
  4 endoplasms
  5 giant cockroaches
  3 goblins
  5 hobgoblins
  3 jackals (D:2)
  32 kobolds
  7 quokkas
  10 ball pythons
  5 frilled lizards
  20 rats
217 creatures vanquished.

Vanquished Creatures (collateral kills)
  A wight (D:7)
  An orc (D:4)
  A hobgoblin (D:4)
3 creatures vanquished.

Vanquished Creatures (others)
  A killer bee (D:5)
1 creature vanquished.

Grand Total: 221 creatures vanquished

Notes
Turn   | Place    | Note
-------+----------+-------------------------------------------
     0 | D:1      | pokeman the Deep Elf Hedge Wizard began the quest for the
                  | Orb.
     0 | D:1      | Reached XP level 1. HP: 10/10 MP: 7/7
   387 | D:1      | Reached XP level 2. HP: 16/16 MP: 5/9
   433 | D:1      | Found Hepu's Armour Boutique.
  1321 | D:2      | Reached skill level 5 in Spellcasting
  1446 | D:2      | Reached XP level 3. HP: 20/20 MP: 5/11
  1450 | D:2      | Learned a level 3 spell: Mephitic Cloud
  1453 | D:2      | Learned a level 2 spell: Call Imp
  1456 | D:2      | Learned a level 2 spell: Blink
  1460 | D:2      | Learned a level 3 spell: Conjure Flame
  1805 | D:2      | Identified the +0 ring mail of the Orcish Mines {rElec rF+
                  | Str+3}
  2021 | D:2      | Reached skill level 1 in Armour
  2254 | D:3      | Reached skill level 1 in Fighting
  2338 | D:3      | Noticed Terence
  2358 | D:3      | Killed Terence
  2359 | D:3      | Reached XP level 4. HP: 9/25 MP: 0/13
  3183 | D:3      | Noticed a sky beast
  3198 | D:3      | Killed a sky beast
  3199 | D:3      | Reached skill level 6 in Spellcasting
  3199 | D:3      | Reached skill level 1 in Fire Magic
  3199 | D:3      | Reached XP level 5. HP: 26/29 MP: 11/15
  3362 | D:3      | You fall into a shaft and drop 1 floor!
  3579 | D:4      | Found a staircase to the Ecumenical Temple.
  3613 | D:4      | Reached XP level 6. HP: 34/34 MP: 7/17
  3625 | Temple   | Entered the Ecumenical Temple
  3818 | Temple   | Became a worshipper of Vehumet
  3872 | D:4      | Found a stormy altar of Qazlal.
  3928 | D:4      | Reached skill level 1 in Air Magic
  3962 | D:4      | Reached skill level 7 in Spellcasting
  4286 | D:3      | Found an opulent altar of Gozag.
  4287 | D:3      | Found a sparkling altar of Nemelex Xobeh.
  4360 | D:4      | Noticed Edmund
  4419 | D:4      | Killed Edmund
  4420 | D:4      | Reached skill level 1 in Poison Magic
  4420 | D:4      | Reached skill level 1 in Evocations
  4536 | D:4      | Paralysed by a hobgoblin for 5 turns
  4971 | D:4      | Found an iron altar of Okawaru.
  5225 | D:4      | Found a snail-covered altar of Cheibriados.
  5249 | D:4      | Reached XP level 7. HP: 38/38 MP: 12/20
  5652 | D:5      | Entered Level 5 of the Dungeon
  5743 | D:5      | Reached skill level 8 in Spellcasting
  5937 | D:5      | Reached * piety under Vehumet
  5937 | D:5      | Offered knowledge of Freeze by Vehumet.
  6027 | D:5      | Reached XP level 8. HP: 29/44 MP: 4/22
  6028 | D:5      | Reached skill level 9 in Spellcasting
  6387 | D:5      | Found a white marble altar of Elyvilon.
  6525 | D:6      | Found Hyos's General Store.
  6553 | D:6      | Bought a scroll of identify for 28 gold pieces
  6553 | D:6      | Bought a scroll of blinking for 105 gold pieces
  6553 | D:6      | Bought a scroll of teleportation for 42 gold pieces
  6578 | D:6      | Reached skill level 1 in Shields
  6714 | D:6      | Reached skill level 5 in Conjurations
  6759 | D:6      | Found a glowing drain.
  6776 | Sewer    | Entered a sewer
  6889 | Sewer    | Offered knowledge of Static Discharge by Vehumet.
  6893 | Sewer    | Reached ** piety under Vehumet
  7185 | Sewer    | Reached skill level 10 in Spellcasting
  7377 | Sewer    | Offered knowledge of Searing Ray by Vehumet.
  8110 | D:6      | Reached XP level 9. HP: 48/48 MP: 22/25
  8321 | D:7      | Reached *** piety under Vehumet
  8328 | D:7      | Reached skill level 11 in Spellcasting
  8345 | D:7      | Reached skill level 5 in Fire Magic
  8619 | D:7      | Identified the +5 scale mail of Mioxazar {Regen+ Stlth+}
  8762 | D:7      | Found a sacrificial altar of Ru.
  8910 | D:7      | Noticed Prince Ribbit
  8929 | D:7      | Killed Prince Ribbit
  9325 | D:8      | Reached skill level 12 in Spellcasting
  9327 | D:8      | Noticed a polar bear
  9332 | D:8      | Killed a polar bear
  9379 | D:8      | Offered knowledge of Flame Wave by Vehumet.
  9385 | D:8      | Learned a level 4 spell: Flame Wave
  9532 | D:8      | Identified the +1 leather armour of Cocytus {Harm Will+
                  | Stlth+}
  9700 | D:8      | Reached XP level 10. HP: 40/54 MP: 23/28
  9710 | D:8      | HP: 2/54 [acid dragon/splash of acid (30)]
 10091 | D:8      | Reached skill level 13 in Spellcasting
 10097 | D:8      | Noticed a death yak
 10131 | D:8      | Mangled by a death yak

Illustrated notes

Levels and vault maps discovered:
D:1:      zelgadis_glass_arrival_small, layout_basic, serial_shops, shop_coins
D:2:      layout_loops_cross
D:3:      layout_basic, grunt_temple_overflow_opulence, minmay_close_crescents,
          uniq_terence
D:4:      minmay_general_purpose_star, layout_loops_ring,
          mainiacjoe_overflow_concentric_impassable,
          mainiacjoe_overflow_catch_the_wave, minmay_temple_entry_stoned_glass,
          eino_tiny_chamber, nicolae_wormholes, uniq_edmund
D:5:      layout_cave_pools, elyvilon_altar_1, solitary_fountain, dk_vineyard_3,
          serial_park_tiny_1
D:6:      layout_loops_ring, serial_shops, shop, portal_sewer_entry_f
D:7:      layout_loops_cross, mainiacjoe_overflow_catwalk, uniq_prince_ribbit1
D:8:      layout_basic, marbit_many_paths, serial_ice, serial_ice_e,
          serial_ice_b, serial_ice_n, serial_ice_c
Temple:   hc_temple_tempest_star

Skill      XL: |  1  2  3  4  5  6  7  8  9 10 |
---------------+-------------------------------+-----
Spellcasting   | 5 6 7 8 10 12 13 | 13.0
Armour         | 1 3 |  3.0
Fighting       | 1 2 |  2.8
Conjurations   | 2 3 4 5 7 |  7.2
Dodging        | 3 |  3.2
Fire Magic     | 1 3 4 6 |  6.5
Stealth        | 3 |  3.1
Air Magic      | 1 |  1.1
Poison Magic   | 1 |  1.3
Evocations     | 1 |  1.3
Shields        | 2 |  2.1
Summonings     | |  1.1
Translocations | |  1.1

Action                   |  1- 3 |  4- 6 |  7- 9 | 10-12 || total
-------------------------+-------+-------+-------+-------++-------
Melee: Dagger            |     5 |    11 |       |       ||    16
       Whip              |       |       |    28 |    13 ||    41
       Punch             |       |       |       |     1 ||     1
 Fire: Hand crossbow     |       |    65 |   158 |       ||   223
 Cast: Magic Dart        |    95 |    77 |   289 |     1 ||   462
       Conjure Flame     |     1 |     5 |    25 |     7 ||    38
       Mephitic Cloud    |     1 |     7 |    20 |     3 ||    31
       Call Imp          |       |     4 |     6 |     1 ||    11
       Flame Wave        |       |       |     3 |     8 ||    11
       Blink             |       |       |     2 |     1 ||     3
Evoke: Wand              |       |       |       |     2 ||     2
 Stab: Confused          |       |       |     3 |       ||     3
Armor: Robe              |     4 |     5 |       |       ||     9
       Leather armour    |       |    10 |    53 |     4 ||    67
Dodge: Dodged            |    11 |    38 |   112 |    18 ||   179

Table legend: (Time is in decaauts)
 A = Elapsed time spent in this place.
 B = Non-inter-level travel time spent in this place.
 C = Inter-level travel time spent in this place.
 D = Time resting spent in this place.
 E = Time spent auto-exploring this place.
 F = Levels seen in this place.
 G = Mean time per level.
                   A        B        C        D        E       F      G
               +--------+--------+--------+--------+--------+-----+--------+
         Total |  10274 |  10079 |    195 |    481 |   7596 |  10 | 1027.4 |
       Dungeon |   9210 |   9029 |    181 |    481 |   6732 |   8 | 1151.2 |
        Temple |    208 |    194 |     14 |      0 |    177 |   1 |  208.0 |
         Sewer |    855 |    855 |      0 |      0 |    687 |   1 |  855.0 |
               +--------+--------+--------+--------+--------+-----+--------+

Top non-repeatable levels by time:
     D:4: 1751 daAuts
     D:3: 1309 daAuts
     D:1: 1233 daAuts
     D:2: 1196 daAuts
     D:7: 1025 daAuts
     D:8: 934 daAuts
     D:5: 897 daAuts
     D:6: 861 daAuts
   Sewer: 855 daAuts
  Temple: 208 daAuts
